[Event "*** SCC Grand Prix: Titled Tuesday Blitz"]
[Site "Chess.com"]
[Date "2020.09.08"]
[Round "2"]
[White "SCIM"]
[Black "Aborigen_came"]
[Result "1-0"]
[WhiteElo "2504"]
[BlackElo "2704"]
[TimeControl "180+1"]
[EndTime "10:19:23 PDT"]
[Termination "SCIM won by resignation"]

1. d4 e6 2. c4 Bb4+ 3. Bd2 Bxd2+ 4. Nxd2 f5 5. Ngf3 Nf6 6. g3 b6 7. Bg2 Bb7 8. O-O Qe7 9. Rc1 a5 10. Re1 O-O 11. Qb3 d6 12. d5 exd5 13. Nd4 a4 14.
Nxf5 Qe5 15. Qd3 Nbd7 16. Nf3 Qe4 17. Qxe4 dxe4 18. N3d4 Nc5 19. Nb5 Rf7 20. Bh3 Re8 21. Red1 Re5 22. Nc3 g6 23. Ne3 Kg7 24. Ncd5 Nxd5 25.
cxd5 Ba6 26. Rd2 Rf8 27. Bg2 h5 28. h4 Re7 29. Nc4 Ref7 30. e3 Bxc4 31. Rxc4 Re7 32. Bf1 Rf5 33. Rcd4 Ree5 34. Bb5 Rf6 35. Bxa4 g5 36.
hxg5 Rxg5 37. Bd1 h4 38. g4 Rfg6 39. b4 Nd7 40. Rxe4 Nf6 41. Rf4 Nxg4 42. Bxg4 Rxg4+ 43. Rxg4 Rxg4+ 44. Kh2 Rxb4 45. Kh3 Rb5 46. f4 Kf6 47. Kxh4 Rc5 48. Kg4 Rc4 49. Kf3 Rc3 50. Rh2 Ra3 51. Rh6+ Ke7 52. Rh7+ Kd8 53. f5 Rxa2 54. f6 Ke8 55.
Kf4 Rf2+ 56. Kg5 Kd8 57. Kg6 Rg2+ 58. Kf5 b5 59. Ke6 Kc8 60. f7 Rf2 61. Rh8+ Kb7 62. f8=Q Rxf8 63. Rxf8 b4 64. Rf1 c5 65. e4 c4 66.
Kxd6 c3 67. Kc5 b3 68. Kc4 1-0

[Event "*** SCC Grand Prix: Titled Tuesday Blitz"]
[Site "Chess.com"]
[Date "2020.09.08"]
[Round "2"]
[White "penguingm1"]
[Black "Hasangatin_Ramil"]
[Result "1-0"]
[WhiteElo "2965"]
[BlackElo "2585"]
[TimeControl "180+1"]
[EndTime "10:19:29 PDT"]
[Termination "penguingm1 won by checkmate"]

1. d4 d5 2. Bf4 Nf6 3. e3 c5 4. Nc3 cxd4 5. exd4 a6 6. Nf3 Nc6 7. Ne5 Bd7 8. g3 Rc8 9. Bg2 e6 10. O-O Be7 11. Ne2 O-O 12. c3 Qb6 13. Rb1 Rfd8 14. Re1 Be8 15. Nc1 Nxe5 16. Bxe5 Nd7 17.
Bf4 Nf8 18. Nd3 Ng6 19. Be3 Bb5 20. h4 Bxd3 21. Qxd3 h6 22. Bh3 Nf8 23. Bd2 Qc6 24. Re3 b5 25. Rbe1 a5 26. a3 b4 27. axb4 axb4 28. Rf3 bxc3 29. bxc3 Ra8 30. Qe3 Ra2 31.
Qf4 Qe8 32. Bc1 Nh7 33. Kg2 Nf6 34. Qe3 Rb8 35. Bxe6 Bf8 36. Rxf6 gxf6 37. Bxd5 Qxe3 38. Bxe3 Rc2 39. c4 Rd8 40. Rb1 Rd7 41. Rb8 Kg7 42. Bxh6+ Kxh6 43. Rxf8 Kg7 44. Re8 Rd2 45. Re4 Rc7 46.
Rg4+ Kf8 47. Rf4 Kg7 48. h5 Ra7 49. h6+ Kxh6 50. Rxf6+ Kg7 51. Rf4 f6 52. Be6 Ra3 53. d5 Rad3 54. c5 Rd4 55. Rf3 R4d3 56. Rf5 Rd4 57.
c6 Rc2 58. Rf3 Rdd2 59. Bf5 Kf8 60. Bxc2 Rxc2 61. Rxf6+ Ke7 62. Re6+ Kf7 63. Rd6 Rd2 64. Rd7+ Kf6 65. c7 Ke5 66. c8=Q Kd4 67. Qc6 Kd3 68. Qe6 Kd4 69. Rc7 Rd3 70. d6 Rd2 71. d7 Rxf2+ 72. Kxf2 Kd3 73. Kf3 Kd4 74. Kf4 Kd3 75. Kf5 Kd4 76.
Kf6 Kd3 77. Ke7 Kd4 78. Kd6 Kd3 79. d8=Q Kd4 80. Ke7# 1-0

[Event "*** SCC Grand Prix: Titled Tuesday Blitz"]
[Site "Chess.com"]
[Date "2020.09.08"]
[Round "2"]
[White "Jenia84"]
[Black "biostatistician"]
[Result "0-1"]
[WhiteElo "2308"]
[BlackElo "2613"]
[TimeControl "180+1"]
[EndTime "10:19:29 PDT"]
[Termination "biostatistician won on time"]

1. Nf3 Nf6 2. b3 d5 3. Bb2 Bg4 4. e3 e6 5. c4 Bd6 6. Be2 O-O 7. Ne5 Bxe2 8. Qxe2 Nbd7 9. Nxd7 Nxd7 10. O-O c6 11. d3 Be5 12. Bxe5 Nxe5 13. d4 Ng6 14. cxd5 exd5 15. Nd2 f5 16. g3 a5 17. Rfc1 Qd6 18. a3 Ra6 19. Qd3 Ne7 20. Rc5 Qe6 21. Rb1 Rfa8 22.
b4 axb4 23. axb4 Ra3 24. Rc3 Ra2 25. b5 R8a7 26. Nf3 Ra1 27. Ne5 Ng6 28. Nxg6 Qxg6 29.
bxc6 bxc6 30. Kg2 Qe6 31. Rcc1 Rxb1 32. Rxb1 Qe4+ 33. Qxe4 fxe4 34. Rc1 Rc7 35. f3 exf3+ 36. Kxf3 Kf7 37. e4 Ke6 38. Rc5 dxe4+ 39. Kxe4 Kd6 40.
Rg5 g6 41. Rc5 Re7+ 42. Kd3 Rf7 43. Ke3 Rf1 44. h4 Rg1 45. Kf2 Rd1 46. Ke3 Ra1 47.
Rc3 Ra2 48. Kf4 Ra4 49. Ke3 Kd5 50. Rc5+ Kd6 51. Rc3 Rb4 52. Rc5 Rb3+ 53. Kf4 Rd3 54.
Rc4 Kd5 55. Rc5+ Kd6 56. Rc4 h6 57. g4 Rh3 58. h5 gxh5 59. gxh5 Rxh5 60. Kg4 Rg5+ 61.
Kf4 Rg6 62. Rc1 Kd5 63. Ke3 Rg3+ 64. Ke2 Rg6 0-1

[Event "*** SCC Grand Prix: Titled Tuesday Blitz"]
[Site "Chess.com"]
[Date "2020.09.08"]
[Round "2"]
[White "Fh2411"]
[Black "Gabix_94"]
[Result "0-1"]
[WhiteElo "2536"]
[BlackElo "2839"]
[TimeControl "180+1"]
[EndTime "10:19:30 PDT"]
[Termination "Gabix_94 won by resignation"]

1. d4 Nf6 2. Nf3 g6 3. g3 Bg7 4. Bg2 O-O 5. O-O d6 6. b3 c5 7. Bb2 cxd4 8. Nxd4 d5 9. Nf3 Nc6 10. Na3 Bg4 11. c4 Rc8 12. h3 Bxf3 13. Bxf3 d4 14.
Bxc6 Rxc6 15. Qxd4 Qc8 16. Kg2 Rd8 17. Qe3 Ng4 18. Qc1 Ne5 19. Nb5 Qa8 20. Nd4 Rcc8 21. Nf3 b5 22. c5 Nxf3 23. exf3 Rd3 24. Bxg7 Qxf3+ 25. Kg1 Kxg7 26. b4 h5 27. h4 e5 28.
Qb2 Qd5 29. Rae1 f6 30. Rc1 Rc6 31. Rc2 a6 32. Qc1 Rd4 33. a3 Kh7 34. Rc3 Rd2 35. Rc2 Rd3 36. Rc3 Rd4 37. Qe3 Rc7 38. Qf3 Qe6 39.
Qa8 e4 40. Re3 f5 41. Qb8 Rf7 42. Qf4 Qd7 43. Rfe1 Rd2 44. Kg2 Kg7 45. R1e2 Rd5 46. Re1 Qc6 47. R1e2 Rfd7 48. Re1 a5 49. R1e2 a4 50.
Re1 Rd2 51. Qe5+ Kh7 52. R1e2 R2d3 53. Qf4 Qd5 54. Kh2 Qc4 55. Qe5 Rxe3 56. Rxe3 Qf1 57. Qf4 Rd1 58. Qc7+ Kh6 59. Qf4+ Kg7 60. Qc7+ Kf6 61.
Qc6+ Kf7 62. Qc7+ Ke8 63. Qc8+ Ke7 64. Qc7+ Rd7 65. Qe5+ Kf7 66. Qf4 Ke6 67. Rxe4+ fxe4 68. Qxe4+ Kf7 69. Qf4+ Kg7 70. c6 Rf7 71. c7 Rxf4 0-1

[Event "*** SCC Grand Prix: Titled Tuesday Blitz"]
[Site "Chess.com"]
[Date "2020.09.08"]
[Round "2"]
[White "Bigfish1995"]
[Black "TregubovP"]
[Result "1-0"]
[WhiteElo "3015"]
[BlackElo "2600"]
[TimeControl "180+1"]
[EndTime "10:19:38 PDT"]
[Termination "Bigfish1995 won on time"]

1. Nf3 c5 2. e3 Nc6 3. b3 e5 4. Bb2 d6 5. c4 Nf6 6. Nc3 Be7 7. d4 cxd4 8. exd4 Bg4 9. Be2 O-O 10. O-O Rb8 11.
d5 Bxf3 12. Bxf3 Nd4 13. Bg4 b5 14. cxb5 Nxg4 15. Qxg4 Nxb5 16. Na4 f5 17. Qe2 Bf6 18. Rac1 e4 19. Rfd1 Bxb2 20. Nxb2 Qf6 21. Na4 Rfe8 22. Rc4 h6 23. h3 Re5 24. Rb4 a6 25. Rc4 Qf7 26.
Rc6 Rxd5 27. Rxd5 Qxd5 28. Rxa6 f4 29. Nb2 Nc3 30. Qc4 Qxc4 31. Nxc4 d5 32. Ne5 d4 33. f3 e3 34. Nd3 g5 35. Rxh6 Nxa2 36. Rg6+ Kh7 37.
Rxg5 Rxb3 38. Nxf4 d3 39. Rd5 Rb1+ 40. Kh2 Nb4 41.
Rd7+ Kg8 42. Nxd3 Nxd3 43. Rxd3 e2 44. Re3 e1=Q 45. Rxe1 Rxe1 46. g4 Kg7 47. f4 Re3 48. Kg2 Kf6 49. h4 Ke6 50. h5 Kf6 51. Kf2 Ra3 52. Kg2 Ke6 53. Kf2 Kd5 54. h6 Ke6 55.
Kg2 Kf6 56. g5+ Kg6 57. Kf2 Rb3 58. Kg2 Kf5 59. Kf2 Ra3 60. Kg2 Rb3 61. Kh2 Rc3 62.
Kg2 Rd3 63. Kh2 Ra3 64. Kg2 Ra4 65. Kg3 Rxf4 66. h7 Rg4+ 67. Kh3 Rg3+ 68. Kxg3 1-0

[Event "*** SCC Grand Prix: Titled Tuesday Blitz"]
[Site "Chess.com"]
[Date "2020.09.08"]
[Round "2"]
[White "ChessPromotionAlex"]
[Black "GMHess"]
[Result "0-1"]
[WhiteElo "2486"]
[BlackElo "2741"]
[TimeControl "180+1"]
[EndTime "10:19:45 PDT"]
[Termination "GMHess won on time"]

1. e4 e6 2. d4 d5 3. Nc3 Bb4 4. e5 Qd7 5. Qg4 Bf8 6. Bb5 Nc6 7. a3 a6 8. Bd3 h5 9. Qf4 g5 10.
Qxg5 Nxd4 11. Be3 Nc6 12. O-O-O Bh6 13. Qg3 h4 14. Qh3 Nxe5 15. Bxh6 Rxh6 16. Qe3 Nxd3+ 17. Rxd3 Qe7 18. Nf3 b6 19. Re1 Bb7 20. Nd4 Rg6 21.
f4 c5 22. Nf3 d4 23. Nxd4 cxd4 24. Rxd4 Rxg2 25. f5 Kf8 26. fxe6 Qxe6 27. Qxe6 fxe6 28. Rd7 Bd5 29. Nxd5 exd5 30. Rf1+ Ke8 31. Rb7 Rc8 32. c3 d4 33. Re1+ Kd8 34. Rd1 Rg4 35. h3 Re4 36.
Rxb6 Ne7 37. Rxa6 Ke8 38. Ra4 Nf5 39. Kb1 Kf7 40. cxd4 Kg6 41. Ra6+ Kg5 42. Ra5 Rf4 43. Rg1+ Kh5 44. Rc5 Rd8 45. d5 Ng3 46. Rc7 Rc4 47. Rxc4 Rxd5 48. Rc3 Ne2 49. Rcc1 Rd3 50. Rgd1 Nxc1 51.
Kxc1 Rxh3 52. Rd5+ Kg4 53. a4 Rh1+ 54. Kc2 Ra1 55.
Kb3 h3 56. Rd4+ Kg5 57. Rd5+ Kf4 58. Rd4+ Kg3 59. Rd3+ Kg4 60. Rd2 Kg3 61. Rd3+ Kg2 62. Rd2+ Kg1 63. Kb4 h2 64. Rxh2 Kxh2 65. Kb5 Kg3 66.
b4 Kf4 67. a5 Ke5 68. Kb6 Kd6 69. a6 Kd7 70. Kb7 Rb1 71. a7 Rxb4+ 72. Ka8 Ra4 73. Kb7 Rb4+ 74. Ka8 Rc4 75. Kb7 Rc7+ 0-1

[Event "*** SCC Grand Prix: Titled Tuesday Blitz"]
[Site "Chess.com"]
[Date "2020.09.08"]
[Round "2"]
[White "Chessbard1972"]
[Black "lacafi"]
[Result "0-1"]
[WhiteElo "2391"]
[BlackElo "2168"]
[TimeControl "180+1"]
[EndTime "10:19:50 PDT"]
[Termination "lacafi won on time"]

1. d4 f5 2. g3 Nf6 3. Bg2 g6 4. Nh3 Bg7 5. Nf4 O-O 6. h4 d5 7. c4 c6 8. Qb3 e6 9. Nd2 Nbd7 10. Nf3 Ne4 11. Nxe6 Qf6 12. Nxf8 Nxf8 13. Bf4 dxc4 14. Qxc4+ Be6 15. Qc2 Qe7 16. O-O h6 17. Be5 g5 18.
Bxg7 Qxg7 19. e3 Ng6 20. h5 Ne7 21. Ne5 Nf6 22. Bf3 g4 23. Bg2 Nxh5 24. e4 f4 25. gxf4 Nxf4 26. Rad1 Rf8 27. Nd3 Neg6 28. Nxf4 Nxf4 29.
d5 cxd5 30. exd5 Bf5 31. Qd2 Nxg2 32. Kxg2 Be4+ 33. Kg1 Qf6 34. Qe3 Bf3 35. Qe6+ Qxe6 36. dxe6 Bxd1 37. Rxd1 Re8 38. Rd7 Rxe6 39. Rxb7 a6 40.
a4 h5 41. a5 h4 42. Rb6 Re2 43. b4 Rb2 44. Rg6+ Kh7 45. Rxg4 h3 46. Rf4 Kg6 47. Kh2 Kg5 48. Rc4 Rxf2+ 49. Kxh3 Rb2 50. Kg3 Kf5 51. Kf3 Ke5 52. Ke3 Kd5 53. Rc5+ Kd6 54. Rc4 Kd5 55.
Rd4+ Kc6 56. Kd3 Kb5 57. Kc3 Rb1 58. Rd5+ Kc6 59. Rc5+ Kb7 60. Rc4 Rh1 61. Rd4 Rh3+ 62. Kc4 Rh5 63. Rd5 Rh4+ 64. Kc5 Rh7 65. Re5 Rg7 66.
Re6 Rg5+ 67. Kc4 Rg4+ 68. Kb3 Rg7 69. Rb6+ Ka7 70. Kc4 Rg4+ 71. Kc5 Rg5+ 72. Kd4 Rg4+ 73. Ke5 Rg5+ 74. Kf6 Rh5 75. Kg6 Rd5 76. Kf6 Rh5 77. Ke7 Rh7+ 78. Kd8 Rh8+ 79. Kc7 Rh7+ 80. Kc6 Rh6+ 81.
Kc5 Rh5+ 0-1

[Event "*** SCC Grand Prix: Titled Tuesday Blitz"]
[Site "Chess.com"]
[Date "2020.09.08"]
[Round "2"]
[White "TheMagnet"]
[Black "Jospem"]
[Result "0-1"]
[WhiteElo "2575"]
[BlackElo "2933"]
[TimeControl "180+1"]
[EndTime "10:19:51 PDT"]
[Termination "Jospem won by checkmate"]

1. d4 Nf6 2. c4 e6 3. Nc3 Bb4 4. e3 O-O 5. Ne2 Re8 6. a3 Bf8 7.
Ng3 d5 8. Be2 b6 9. O-O Bb7 10.
b4 Nbd7 11. cxd5 exd5 12. Qb3 c6 13. Bf3 a5 14. Bd2 axb4 15. axb4 b5 16. e4 Nb6 17. e5 Nfd7 18. Rxa8 Qxa8 19. Bg4 Bc8 20. f4 Nc4 21.
Bc1 Qa7 22. Rd1 Nc5 23. bxc5 Bxg4 24. Re1 Qd7 25. h3 Bf5 26. Nce2 Be7 27. Qf3 g6 28. Nxf5 Qxf5 29. g4 Qc2 30. f5 Bxc5 31. dxc5 Nxe5 32. Qe3 d4 33. Nxd4 Nf3+ 34. Nxf3 Rxe3 35. Bxe3 gxf5 36. Bd4 f6 37. gxf5 Qxf5 38. Kg2 b4 39. Re8+ Kf7 40. Rb8 b3 41. Rb7+ Ke8 42. Kg3 Qg6+ 43. Kf4 Qh6+ 44. Ke4 Qxh3 45. Bxf6 Qg4+ 46. Ke3 Qc4 47. Bd4 Qc1+ 48. Ke4 Qc2+ 49. Ke3 Qc1+ 50. Ke4 Qc2+ 51.
Kf4 h5 52. Rb8+ Ke7 53. Rb7+ Ke6 54. Rb6 Kd5 55. Rb8 Qe4+ 56. Kg3 Qg4+ 57. Kf2 Qd7 58. Rxb3 h4 59. Rd3 Qf5 60. Rd2 h3 61. Be3+ Kc4 62. Rd4+ Kc3 63. Rh4 Qd7 64. Kg3 Qe7 65. Bd4+ Kd3 66.
Rxh3 Qf8 67. Kg2 Ke2 68. Bf2 Qg7+ 69. Rg3 Qf7 70. Nd4+ Kd2 71. Nf3+ Ke2 72. Ng1+ Kd2 73. Re3 Qd5+ 74. Nf3+ Kd1 75. Re1+ Kc2 76. Re2+ Kb3 77.
Rd2 Qg8+ 78. Kf1 Kc3 79. Ke2 Qc4+ 80. Ke1 Qe4+ 81. Re2 Qb1# 0-1

[Event "*** SCC Grand Prix: Titled Tuesday Blitz"]
[Site "Chess.com"]
[Date "2020.09.08"]
[Round "2"]
[White "blitzking1729"]
[Black "ItsCheckM8Mate"]
[Result "1/2-1/2"]
[WhiteElo "2628"]
[BlackElo "2322"]
[TimeControl "180+1"]
[EndTime "10:19:51 PDT"]
[Termination "Game drawn by repetition"]

1. Nf3 Nf6 2. g3 g6 3. Bg2 Bg7 4. O-O O-O 5. d4 d5 6. c4 c6 7. cxd5 cxd5 8. Nc3 Nc6 9. Ne5 Bf5 10. Nxc6 bxc6 11. b3 c5 12. Bb2 cxd4 13. Qxd4 Ne4 14. Qxg7+ Kxg7 15. Nxe4+ Kg8 16. Nc5 Rc8 17. b4 Qb6 18. a3 Rfd8 19. Rfd1 a5 20. Bc3 axb4 21. axb4 d4 22. Bxd4 Qxb4 23. Na6 Qc4 24. e3 e5 25.
Bf1 Qe6 26. Bb2 Be4 27. Nc5 Qf5 28. Rxd8+ Rxd8 29. Nxe4 Qxe4 30. Bc3 Rc8 31. Bg2 Qf5 32. Be1 h5 33. Bd5 Qd3 34. e4 Qe2 35. Kg2 Rc2 36. Rb1 Rb2 37. Rxb2 Qxb2 38. Ba5 Kg7 39. Bc7 Qd4 40. h4 f5 41. f3 Qd2+ 42. Kg1 Kf6 43. Bd8+ Kg7 44. Bg5 Qd1+ 45. Kf2 Qc2+ 46. Kf1 Qd3+ 47. Kf2 Qd4+ 48. Be3 Qb2+ 49. Kf1 Qc2 50. Bf2 f4 51. gxf4 exf4 52. Bd4+ Kh6 53. Bf2 Qd2 54. Kg1 Qd1+ 55. Kg2 Qe2 56. Bc6 g5 57.
hxg5+ Kxg5 58. Bd7 h4 59. Bh3 Qd2 60. Bg4 Qc2 61. Bh3 Kh5 62. Bg4+ Kh6 63. Kg1 Qd1+ 64. Kg2 Kg5 65. e5 Qe2 66. e6 Kf6 67. Kg1 Kg5 68. Kg2 Qe5 69. Bh3 Qe2 70. Bg4 1/2-1/2

[Event "*** SCC Grand Prix: Titled Tuesday Blitz"]
[Site "Chess.com"]
[Date "2020.09.08"]
[Round "2"]
[White "esrosenberg"]
[Black "r31415"]
[Result "0-1"]
[WhiteElo "2238"]
[BlackElo "2456"]
[TimeControl "180+1"]
[EndTime "10:19:54 PDT"]
[Termination "r31415 won by checkmate"]

1. Nf3 g6 2. e4 d6 3. Bc4 Nf6 4. Qe2 Bg7 5. h3 O-O 6. d3 Nc6 7. a3 h6 8. Nc3 Kh7 9. Bf4 e5 10. Be3 Qe7 11. g4 Ng8 12. Nd5 Qd8 13. c3 Be6 14.
O-O-O Na5 15. Ba2 c6 16. Nb4 Bxa2 17. Nxa2 Nb3+ 18. Kb1 a5 19. a4 b5 20. axb5 cxb5 21. Qc2 a4 22. h4 Qd7 23. Rdg1 Rfc8 24. Nb4 Ne7 25. Nd2 Nc5 26. f4 exf4 27. Bxf4 d5 28. d4 Ne6 29. Be3 Bxd4 30. exd5 Bxe3 31. dxe6 Qxd2 32.
Qxd2 Bxd2 33. exf7 Rf8 34. Rd1 Bf4 35. Rhf1 g5 36. hxg5 hxg5 37. Nd3 Ng6 38. Rh1+ Kg7 39. Nxf4 Nxf4 40. Rhe1 Rxf7 41. Re5 Kg6 42. Rxb5 a3 43.
Rd6+ Rf6 44. Rxf6+ Kxf6 45. Rb6+ Ke5 46. Rb5+ Kf6 47. Rf5+ Kg6 48. bxa3 Rxa3 49. Kb2 Ra6 50. Rb5 Re6 51. Kb3 Re2 52. Rb6+ Kf7 53. Rb7+ Re7 54. Rb5 Kf6 55. Rf5+ Kg6 56. c4 Rb7+ 57.
Kc3 Re7 58. c5 Re3+ 59. Kd4 Rg3 60. Rf8 Rxg4 61. Rg8+ Kf7 62. Ra8 Ne6+ 63. Kd5 Rd4+ 64. Ke5 Rc4 65. Ra7+ Kg6 66. Kxe6 Rxc5 67. Ra1 Rc2 68.
Rf1 Re2+ 69. Kd5 g4 70. Kd4 Kg5 71. Kd3 Re8 72. Rf7 Kh4 73. Rh7+ Kg5 74. Rg7+ Kf4 75. Rf7+ Kg3 76. Rh7 Kf3 77. Rf7+ Kg2 78. Kd2 g3 79. Rg7 Kh2 80. Rh7+ Kg1 81. Kd3 g2 82. Kd2 Re5 83.
Rh8 Kf2 84. Rf8+ Kg3 85. Rg8+ Kf3 86. Rf8+ Kg4 87. Rg8+ Rg5 88. Re8 g1=Q 89. Re4+ Kf5 90. Re2 Qd4+ 91. Ke1 Rg1# 0-1

[Event "*** SCC Grand Prix: Titled Tuesday Blitz"]
[Site "Chess.com"]
[Date "2020.09.08"]
[Round "2"]
[White "Ginger_GM"]
[Black "Alexander_Zubov"]
[Result "1/2-1/2"]
[WhiteElo "2593"]
[BlackElo "2960"]
[TimeControl "180+1"]
[EndTime "10:19:57 PDT"]
[Termination "Game drawn - timeout vs insufficient material"]

1. d4 Nf6 2. c4 g6 3. Nc3 d5 4. Nf3 Bg7 5. h4 c6 6. Bg5 h6 7. Bxf6 Bxf6 8. e3 e6 9. Qc2 Nd7 10. O-O-O Bg7 11. Kb1 O-O 12. e4 b5 13. c5 b4 14. Ne2 dxe4 15. Qxe4 Rb8 16. Nf4 Nxc5 17. Qe3 Na4 18. Bc4 Nb6 19. Bb3 a5 20. Ne5 a4 21.
Bc2 b3 22. axb3 axb3 23. Bxb3 Qd6 24. Rc1 Nd5 25. Nxd5 cxd5 26. h5 g5 27. Rh3 Rb4 28. f4 Qb6 29. Nc6 gxf4 30. Qd3 Rxd4 31. Nxd4 Qxd4 32.
Qxd4 Bxd4 33. Rh4 Be3 34. Rc7 Ba6 35. Bc2 Rb8 36. Rg4+ Kf8 37. Bh7 Bd3+ 38. Bxd3 Bd4 39. Rc2 e5 40. Bf5 Ke7 41. Ka2 Kf6 42. Bd7 Rb7 43.
Bc6 Ra7+ 44. Kb1 Ke6 45. Rg7 e4 46. Rh7 f3 47. Rxh6+ Ke5 48. gxf3 exf3 49. Rh7 f2 50. Rxf2 Bxf2 51. Be8 Ra8 52. Bxf7 Bd4 53. Bg6 Rb8 54.
Re7+ Kd6 55. Re2 Bg7 56. Rh2 Bh6 57. Kc2 Rb4 58. b3 Kc5 59. Rd2 Rh4 60. Re2 Bf4 61.
Re8 Rh2+ 62. Kd3 Rh3+ 63. Ke2 Kd4 64. Rf8 Bg5 65. Rf5 Re3+ 66. Kf2 Bh6 67. Bf7 Re5 68. Rxe5 Kxe5 69. Kf3 Kd4 70. Kg4 Kc5 71. Kf5 d4 72.
Ke4 Bg7 73. Kd3 Kb4 74. Bc4 Kc5 75. Ke4 Kb4 76. Kf5 Kc3 77. Kg6 Bf8 78. h6 Bxh6 79. Kxh6 d3 80. Bxd3 Kxd3 81. b4 Kc4 1/2-1/2

[Event "*** SCC Grand Prix: Titled Tuesday Blitz"]
[Site "Chess.com"]
[Date "2020.09.08"]
[Round "2"]
[White "Colombiano07"]
[Black "Paladin61"]
[Result "1-0"]
[WhiteElo "2331"]
[BlackElo "2626"]
[TimeControl "180+1"]
[EndTime "10:20:02 PDT"]
[Termination "Colombiano07 won by checkmate"]

1. d4 Nf6 2. Bf4 g6 3. e3 Bg7 4. Nf3 O-O 5. Be2 d6 6. O-O Nbd7 7. c3 Qe8 8. h3 e5 9. Bh2 b6 10. a4 a6 11. Na3 Bb7 12. Qb3 Rb8 13. Rfe1 Qe7 14.
Bc4 h6 15. dxe5 dxe5 16. Rad1 Nc5 17. Qc2 e4 18. Nd4 Rbc8 19. b4 Ncd7 20. Qe2 c5 21.
Ndc2 Ne5 22. Bxa6 Nd3 23. Bxb7 Qxb7 24. Rf1 Nd5 25. Nb5 Nxc3 26. Nxc3 Bxc3 27. bxc5 bxc5 28. f3 c4 29. Nd4 Qd5 30. Nb5 Be5 31. Bxe5 Qxe5 32.
fxe4 Ra8 33. Qc2 Qxe4 34. Nd6 Qxe3+ 35. Kh1 Ne5 36. Nxc4 Qc5 37. Rf4 Rfc8 38. Rc1 Qb4 39. Qe4 Nxc4 40. Rxc4 Rxc4 41. Qxc4 Qe1+ 42. Kh2 Qe5 43.
Qxf7+ Kh8 44. Qf6+ Qxf6 45. Rxf6 Kg7 46. Rf4 g5 47.
Rb4 Rc8 48. a5 Ra8 49. Ra4 Ra6 50. Kg3 h5 51. Kf3 Kf6 52. Ke4 Ke6 53. g4 h4 54.
Ra1 Kf6 55. Kd5 Kg7 56. Ra3 Kf6 57. Kc5 Ke5 58. Kb5 Ra8 59. a6 Kd6 60. a7 Kc7 61.
Kc5 Kb7 62. Kd5 Rxa7 63. Rxa7+ Kxa7 64. Ke5 Kb6 65. Kf5 Kc5 66. Kxg5 Kd4 67. Kxh4 Ke5 68. Kg5 Ke4 69. Kg6 Kf4 70. g5 Kg3 71. Kf7 Kh4 72.
g6 Kh5 73. g7 Kh6 74. g8=Q Kh5 75. Qg4+ Kh6 76. Qg6# 1-0

[Event "*** SCC Grand Prix: Titled Tuesday Blitz"]
[Site "Chess.com"]
[Date "2020.09.08"]
[Round "2"]
[White "Misticpikachu"]
[Black "grunbergmihai"]
[Result "1/2-1/2"]
[WhiteElo "2258"]
[BlackElo "2459"]
[TimeControl "180+1"]
[EndTime "10:20:04 PDT"]
[Termination "Game drawn by 50-move rule"]

1. c4 c5 2. g3 g6 3. Bg2 Bg7 4. Nf3 Nc6 5. O-O Nh6 6. Nc3 O-O 7. d4 cxd4 8. Bxh6 Bxh6 9. Nxd4 Bg7 10. e3 a6 11. Rb1 Nxd4 12. exd4 d6 13. Re1 Rb8 14. Qe2 Re8 15. Rbd1 b5 16. cxb5 axb5 17. Nxb5 Ba6 18. a4 Qa5 19. b3 Bxb5 20. axb5 Qxb5 21. Qxb5 Rxb5 22. Bc6 Reb8 23. Bxb5 Rxb5 24. Rxe7 Rxb3 25. Rd7 Rb6 26. Re1 Bxd4 27. Ree7 Rb2 28. Rxf7 Bc5 29.
Rb7 Bxf2+ 30. Kf1 Rxb7 31. Rxb7 Bd4 32. Ke2 Be5 33. Kf3 h5 34. h3 Kf8 35. g4 hxg4+ 36. Kxg4 Bf6 37. Kf3 Be7 38. Ke4 Kf7 39. Kd5 Kf6 40.
Rb1 Kg5 41. Ke6 Bf8 42. Rf1 Bh6 43. Kxd6 Kh4 44. Rf3 g5 45. Ke6 g4 46. hxg4 Kxg4 47. Rf7 Bf4 48. Rg7+ Kf3 49. Kf5 Ke3 50. Ra7 Kf3 51.
Ra3+ Be3 52. Rb3 Kf2 53. Ke4 Bc5 54. Rc3 Bb6 55. Rc6 Ba7 56. Rc7 Bb6 57. Rb7 Bc5 58. Rd7 Bb6 59. Kf4 Ke2 60. Rb7 Bc5 61. Ke4 Kf2 62.
Rb2+ Kg3 63. Rc2 Bb6 64. Rc6 Ba7 65. Rg6+ Kf2 66. Rh6 Kg3 67. Rh8 Bb6 68. Rg8+ Kf2 69. Rg6 Ba7 70. Rg8 Bb6 71. Ra8 Bc5 72. Kf4 Bd6+ 73. Kg4 Bc5 74. Ra2+ Ke3 75. Ra5 Bb6 76. Ra8 Bc5 77. Re8+ Kd4 78. Kf3 Bd6 79. Rd8 Ke5 80.
Re8+ Kd4 81. Re1 Bb4 82. Re4+ Kc5 83. Ke2 Bc3 84. Kd3 Bf6 85. Re6 Bg7 86. Rg6 Be5 87.
Rg5 Kd5 88. Rh5 Ke6 89. Ke4 Bf6 90. Rh6 Ke7 91. Kf5 Bd4 92. Ra6 Kd7 93. Ke4 Bc3 94. Kd5 Be1 95. Ra7+ Kc8 96. Rf7 Kd8 1/2-1/2

[Event "*** SCC Grand Prix: Titled Tuesday Blitz"]
[Site "Chess.com"]
[Date "2020.09.08"]
[Round "2"]
[White "GregShahade"]
[Black "LiemLe"]
[Result "1/2-1/2"]
[WhiteElo "2599"]
[BlackElo "2977"]
[TimeControl "180+1"]
[EndTime "10:20:15 PDT"]
[Termination "Game drawn by repetition"]

1. e4 c6 2. Nc3 d5 3. Nf3 Nf6 4. e5 Ne4 5. Ne2 Qb6 6. d4 e6 7. Ng3 c5 8. Bd3 Nxg3 9. fxg3 cxd4 10. O-O Nc6 11. Qe2 h6 12. a3 a5 13. b3 Bd7 14.
Bb2 Be7 15. Kh1 O-O 16. Rae1 f5 17. exf6 Bxf6 18. Nh4 e5 19. Qh5 Ne7 20. Ng6 Nxg6 21. Qxg6 e4 22. Rxe4 dxe4 23. Bxe4 Rae8 24. Bd3 Rf7 25. a4 Qd6 26. h3 Kf8 27. Ra1 Ree7 28. Ba3 Qe5 29. Qh7 Ke8 30. Qg8+ Rf8 31. Bg6+ Kd8 32.
Qxf8+ Kc7 33. Bxe7 Bxe7 34. Qf4 Bd6 35. Qxe5 Bxe5 36.
Re1 Kd6 37. Kh2 b5 38. axb5 Bxb5 39. Bd3 Bc6 40. Ra1 h5 41. h4 g5 42. hxg5 h4 43.
Rxa5 Bxg3+ 44. Kg1 Be5 45. g6 Bd5 46. Ra6+ Ke7 47. Ra7+ Kf6 48. g7 Bg8 49. Bc4 d3 50.
cxd3 Bd4+ 51. Kh1 Bxa7 52. Bxg8 Kxg7 53. Bd5 Bc5 54. Kh2 Kf6 55. Kh3 Kg5 56. Bc4 Kh5 57. Bd5 Kg5 58. Bf3 Bb4 59. d4 Bd6 60. d5 Bc5 61. Kh2 Bd6+ 62. Kg1 Kf4 63. Kf2 Bc5+ 64. Ke2 Bd6 65. Bh5 Ke4 66. Bf3+ Kd4 67. Kd2 Bb4+ 68.
Kc2 Bd6 69. Kb2 Kd3 70. Ka2 Kc3 71. Be2 Bc5 72. Bc4 Bd6 73. Kb1 Ba3 74. Ka2 Bd6 75. Ka1 Bc5 76. Kb1 Ba3 77. d6 Bxd6 78. Kc1 Bb4 79.
Kd1 Kd4 80. Ke2 Ke4 81. Kf2 Kd4 82. Kf3 Be7 83. Kg4 Kc5 84. Kf5 Kb4 85. Ke6 Bd8 86.
Kd7 Bg5 87. Ke6 Bf4 88. Kf5 Bg3 89. Kg4 Kc5 90. Kf3 Kb4 91. Kg4 Kc5 92. Kf3 Kb4 93.
Ke4 Kc5 94. Kd3 Kb4 95. Kc2 Bf2 96. Kd3 Bg3 97. Ke2 Bh2 98. Kf3 Bg3 1/2-1/2

[Event "*** SCC Grand Prix: Titled Tuesday Blitz"]
[Site "Chess.com"]
[Date "2020.09.08"]
[Round "2"]
[White "NMZanette"]
[Black "NoboaKevin1999"]
[Result "1-0"]
[WhiteElo "2199"]
[BlackElo "2401"]
[TimeControl "180+1"]
[EndTime "10:20:22 PDT"]
[Termination "NMZanette won by checkmate"]

1. e4 e6 2. d4 d5 3. Nd2 c5 4. Ngf3 Nc6 5. Bb5 cxd4 6. Nxd4 Bd7 7. Bxc6 bxc6 8. exd5 cxd5 9. O-O Nf6 10. N2f3 Bd6 11. Re1 O-O 12. Ne5 Qc7 13. Ndf3 Ne4 14. Nxd7 Qxd7 15. c4 Rfe8 16. cxd5 exd5 17. Be3 Rab8 18.
Rb1 h6 19. Qd4 Bc5 20. Qd3 Bf8 21. Bd4 Qa4 22. h3 Qxa2 23. Ra1 Qb3 24. Qxb3 Rxb3 25. Rxa7 Re7 26. Ra8 Reb7 27. Rc1 Rb8 28. Ra5 R3b5 29.
Ra7 R8b7 30. Ra8 Rb8 31. Rc8 Rxa8 32. Rxa8 Nd6 33. Ne5 Nf5 34. Be3 d4 35. Bf4 Rd5 36. Nd3 g5 37. Bd2 Kg7 38. b4 Bd6 39. Ra6 Be7 40. Rb6 Nd6 41. Nc5 Nc4 42. Rb7 Bxc5 43. bxc5 Nxd2 44. c6 Rc5 45. c7 Rc1+ 46. Kh2 Nf1+ 47.
Kg1 h5 48. c8=Q Rxc8 49. Kxf1 Rd8 50. Ke2 Kf6 51. Kd3 Ke5 52. Rb5+ Rd5 53. Rb7 f6 54. Rh7 h4 55. Re7+ Kf5 56. Re4 Ra5 57. Rxd4 Ra2 58.
Ke3 Ra3+ 59. Ke2 Ra2+ 60. Kf3 Ke5 61. Re4+ Kf5 62. Re3 Ra4 63. g4+ Kg6 64. Rb3 Rf4+ 65. Kg2 Ra4 66. Rf3 Rf4 67. Rxf4 gxf4 68. Kf3 Kg5 69.
Ke4 f5+ 70. gxf5 f3 71. Ke5 Kh6 72. Ke6 Kg7 73. Ke7 Kh7 74. f6 Kg6 75. f7 Kh7 76. f8=R Kg6 77. Rxf3 Kh7 78. Rf4 Kh8 79. Rg4 Kh7 80.
Kf7 Kh6 81. f4 Kh5 82. f5 Kh6 83. Ke6 Kh5 84. f6 Kh6 85. f7 Kh5 86. f8=R Kh6 87. Rh8# 1-0